 Dungeon Crawl Stone Soup version 0.17.1-3-g152610e (webtiles) character file.

2177 dobroeutro the Covered (level 9, -3/57 HPs)
             Began as a Gargoyle Fighter on Apr 27, 2016.
             Was a Believer of Lugonu.
             Slain by a wight
             ... wielding a cursed +3 battleaxe of freezing
              (6 damage)
             ... on level 6 of the Dungeon.
             The game lasted 00:11:02 (5126 turns).

dobroeutro the Covered (Gargoyle Fighter)           Turns: 5126, Time: 00:11:02

Health: -3/57      AC: 13    Str: 22    XL:     9   Next: 32%
Magic:  9/9        EV:  8    Int:  7    God:    Lugonu [**....]
Gold:   294        SH: 11    Dex: 10    Spells: 0 memorised, 8 levels left

rFire  + . .     SeeInvis .     u - +1 flail (drain)
rCold  . . .     Clarity  .     b - +0 scale mail
rNeg   + + .     SustAt   .     c - +0 shield
rPois  ∞         Gourm    .     (no helmet)
rElec  +         Spirit   .     (no cloak)
rCorr  .         Warding  .     (no gloves)
rMut   .         Stasis   .     (no boots)
MR     .....                    (no amulet)
Stlth  ..........               v - ring of protection from fire
                                n - ring of positive energy

@: not resistant to hostile enchantments, extremely unstealthy
A: blurry vision 1, dopey 1, mutation resistance 1, negative energy resistance
1, electricity resistance, wild magic 1, unbreathing, petrification resistance,
rot immunity, AC +5
a: Depart the Abyss, Bend Space, Renounce Religion


You were on level 6 of the Dungeon.
You worshipped Lugonu.
Lugonu was pleased with you.
You were hungry.

You visited 2 branches of the dungeon, and saw 7 of its levels.

You collected 294 gold pieces.

Inventory:

Hand Weapons
 u - a +1 flail of draining (weapon)
Armour
 b - a +0 scale mail (worn)
 c - a +0 shield (worn)
Jewellery
 n - a ring of positive energy (left hand)
 v - a ring of protection from fire (right hand)
Scrolls
 f - 5 scrolls of identify {unknown}
 i - 5 scrolls of blinking {unknown}
 j - 3 scrolls of teleportation {unknown}
 m - 2 scrolls of noise {unknown}
 o - 3 scrolls of remove curse {unknown}
 w - a scroll of recharging {unknown}
Potions
 a - 4 potions of curing {unknown}
 d - 4 potions of might
 g - 2 potions of resistance {unknown}
 h - a potion of invisibility {unknown}
 l - 2 potions of brilliance {unknown}
 r - 2 potions of lignification {unknown}
 s - a potion of poison {unknown}
 t - a potion of cancellation {unknown}
 x - a potion of flight {unknown}
Comestibles
 e - 3 bread rations
 k - 2 meat rations
 q - 2 beef jerkies


   Skills:
 + Level 7.3 Fighting
 + Level 6.4 Maces & Flails
 + Level 7.5 Armour
 + Level 7.3 Shields


You had 8 spell levels left.
You didn't know any spells.

Dungeon Overview and Level Annotations

Branches:
Dungeon (6/15)             Temple (1/1) D:5

Altars:
Ashenzari
Dithmenos
Gozag
Makhleb
Nemelex Xobeh
Sif Muna
Trog
Vehumet
Yredelemnul
Zin
The Shining One
Lugonu


Innate Abilities, Weirdness & Mutations

You are resistant to torment.
Your stone body is resilient (AC +5).
You are immune to poison.
You resist negative energy.
You are resistant to electric shocks.
You can survive without breathing.
You are immune to petrification.
You are immune to rotting.
Scrolls take you a little longer to read.
You are dopey. (Int -2)
You are somewhat resistant to further mutation.
Your spells are a little harder to cast, but a little more powerful.


Message History

The wight freezes you.
* * * LOW HITPOINT WARNING * * *
You barely miss the wight.
The wight is almost destroyed.
The wight hits you with a battleaxe of freezing.
* * * LOW HITPOINT WARNING * * *
The wight freezes you.
* * * LOW HITPOINT WARNING * * *
Unknown command.
You hit the wight but do no damage.
The wight is almost destroyed.
You block the wight's attack.
Drink which item? (? for menu, Esc to quit)
Okay, then.
You closely miss the wight.
The wight is almost destroyed.
You closely miss the wight.
The wight is almost destroyed.
The wight hits you with a battleaxe of freezing.
You die...

#..............###
#######...#....# #.#.#....#
#.#.#....# ################
#.#.####.#
#.........##...###+#.## #.#
......................# #.#
.....)................# #.#
......#†##......@.....# #.#
......#.##.)....#z..#.###'#######
..#####.##......##+##.#.........#
..#####.##......##.##.#.........#
........######'#...##...........#
..####### #.##.####..........#
..# #.##.# #..........# .##
#.##.# ##.......... ## #.##.#
#.#'#......


You could see a wight.

Vanquished Creatures
  Pikel (D:4)
  Grinder (D:5)
  Edmund (D:5)
  An orc warrior (D:6)
  2 sky beasts
  A centaur (D:5)
  An ogre (D:6)
  A giant frog (D:6)
  A gnoll sergeant (D:6)
  2 wights (D:6)
  A water moccasin skeleton (D:6)
  A crimson imp (D:5)
  A hound (D:4)
  An orc priest (D:4)
  Terence (D:3)
  5 orc wizards
  2 worker ants (D:5)
  7 adders
  6 gnolls (D:6)
  An ooze (D:3)
  2 adder zombies (D:5)
  4 worms
  4 giant geckos
  18 orcs
  9 bats
  6 giant cockroaches
  9 goblins
  4 hobgoblins
  11 jackals
  10 kobolds
  3 quokkas
  A ball python (D:6)
  8 giant newts
  2 quokka skeletons (D:5)
  10 rats
139 creatures vanquished.

Vanquished Creatures (others)
  A deep elf mage (D:6)
  An iguana (D:6)
2 creatures vanquished.

Grand Total: 141 creatures vanquished

Notes
Turn   | Place    | Note
--------------------------------------------------------------
     0 | D:1      | dobroeutro the Gargoyle Fighter began the quest for the Orb.
     0 | D:1      | Reached XP level 1. HP: 14/14 MP: 1/1
    86 | D:1      | Reached XP level 2. HP: 19/19 MP: 2/2
   681 | D:2      | Reached XP level 3. HP: 23/23 MP: 3/3
  1042 | D:2      | Reached XP level 4. HP: 20/29 MP: 4/4
  1429 | D:3      | Noticed Terence
  1446 | D:3      | Killed Terence
  1446 | D:3      | Reached skill level 4 in Fighting
  1576 | D:3      | Found a radiant altar of Vehumet.
  1790 | D:3      | Reached XP level 5. HP: 33/33 MP: 5/5
  2516 | D:4      | Reached XP level 6. HP: 35/39 MP: 6/6
  2846 | D:4      | Noticed a slave
  2847 | D:4      | Noticed Pikel
  2847 | D:4      | Noticed a slave
  2847 | D:4      | Noticed a slave
  2872 | D:4      | Noticed a slave
  2893 | D:4      | Killed Pikel
  2893 | D:4      | Reached skill level 5 in Fighting
  2893 | D:4      | Reached skill level 5 in Armour
  2893 | D:4      | Reached skill level 5 in Shields
  2893 | D:4      | Reached XP level 7. HP: 42/44 MP: 7/7
  3330 | D:5      | Entered Level 5 of the Dungeon
  3331 | D:5      | Found a staircase to the Ecumenical Temple.
  3387 | Temple   | Entered the Ecumenical Temple
  3413 | Temple   | Became a worshipper of Lugonu the Unformed
  3413 | Temple   | Reached * piety under Lugonu
  3464 | D:5      | Reached XP level 8. HP: 51/51 MP: 8/8
  3742 | D:5      | Found a glowing golden altar of the Shining One.
  3742 | D:5      | Found a bloodstained altar of Trog.
  3742 | D:5      | Found a deep blue altar of Sif Muna.
  3820 | D:5      | Noticed Edmund
  3833 | D:5      | Killed Edmund
  3833 | D:5      | Reached skill level 5 in Maces & Flails
  3833 | D:5      | Reached skill level 6 in Armour
  3904 | D:5      | Found a sparkling altar of Nemelex Xobeh.
  3908 | D:5      | Noticed Grinder
  3922 | D:5      | Paralysed by Grinder for 2 turns
  3926 | D:5      | Killed Grinder
  4133 | D:5      | Gained mutation: Your spells are a little harder to cast, but a little more powerful. [mutagenic meat]
  4332 | D:6      | Reached ** piety under Lugonu
  4336 | D:6      | Gained mutation: Scrolls take you a little longer to read. [mutagenic meat]
  4338 | D:6      | Gained mutation: You are dopey. (Int -2) [mutagenic meat]
  4339 | D:6      | Gained mutation: You are somewhat resistant to further mutation. [mutagenic meat]
  4353 | D:6      | Found an opulent altar of Gozag.
  4422 | D:6      | Reached skill level 7 in Armour
  4422 | D:6      | Reached XP level 9. HP: 31/56 MP: 9/9
  4654 | D:6      | Noticed a deep elf mage
  4662 | D:6      | Killed a deep elf mage
  5123 | D:6      | HP: 2/57 [wight/battleaxe of freezing (2)]
  5126 | D:6      | Slain by a wight

Action                   |  1- 3 |  4- 6 |  7- 9 || total
-------------------------+-------+-------+-------++-------
Melee: Flail             |    50 |   133 |   261 ||   444
       Short sword       |    80 |    24 |       ||   104
  Eat: Chunk             |     1 |     6 |    13 ||    20
